Kalav, neutral male human Ranger ---- |..| |..-- --..--- |....--------------. ---.--..............|.| |...|--------------)..--- |.|.| |^))%.| |.|.| ---.|.--- |.|.| .|...| |.|.| ---)--- ..........--.--- |.|.| |%..| .)V............| |.|.| --- ---.----- .@.....-.....|.--|.|.| |.----....|..| ... |...|.|.| |............---- ---.|.|.--- --...........)..| |...|...| |...............-- --..|...| -.-------.|.|...| |..|-.-- - -----.-- ------- --- Kalav the Trailblazer Experience level: 6 Strength: 15 Dexterity: 13 Constitution: 15 Intelligence: 13 Wisdom: 16 Charisma: 8 Health: 0(39) Energy: 40(40) Def: 17 Gold: 216 Moves: 3719 Dungeon seed: 2qVyu1wbNh9wwMKJ Game ID: Kalav_1497035536 Your Inventory: Coins $ - 216 gold pieces Weapons a - a +1 dagger (weapon in hand) b - a +1 bow (alternate weapon; not wielded) c - 44 +2 arrows (in quiver) d - 5 +0 arrows R - 8 +0 arrows Armor e - a blessed +2 cloak of displacement (being worn) n - an uncursed +0 dwarvish roundshield (being worn) p - a blessed +0 dwarvish cloak q - an uncursed +0 dwarvish iron helm t - an uncursed +0 pair of iron shoes (being worn) N - a blessed +0 dwarvish mithril-coat (being worn) Y - a blessed +1 dwarvish iron helm (being worn) Comestibles f - an uncursed cram ration T - an uncursed lizard corpse U - 2 uncursed slime molds Scrolls j - an uncursed scroll of teleportation w - an uncursed scroll of create monster Spellbooks k - a blessed spellbook of slow monster u - an uncursed spellbook of teleport away H - an uncursed spellbook of create monster I - a blessed spellbook of drain life Potions h - a cursed potion of hallucination m - 2 uncursed potions of restore ability B - a cursed potion of enlightenment J - an uncursed potion of object detection S - an uncursed potion of confusion V - a potion of holy water Rings l - an uncursed ring of sustain ability Wands Z - a wand of make invisible (0:0) Tools A - an uncursed lock pick K - an uncursed mirror Spells and supernatural/magical abilities: Name Level Category Fail Memory s - slow monster 2 enchantment 100% 99% t - teleport away 5 escape 100% 88% D - drain life 2 attack 100% 99% O - create monster 2 clerical 100% 99% W - pray for help -- divine ? -- Your skills at the end: Fighting Skills wands [Basic] Weapon Skills dagger [Basic] bow [Basic] Spellcasting Skills Final Attributes: You were piously aligned. You were poison resistant. You had automatic searching. You were displaced. You were lucky. You are dead. Vanquished creatures: a shocking sphere a watchman a quivering blob a giant spider a lizard a dwarf lord a snake 4 human zombies a wood nymph a pony a yellow light 10 gnome lords 3 gnomish wizards a guardian naga hatchling a baby crocodile a giant ant a little dog 13 dwarves a homunculus a kobold lord 8 rothes an iguana 10 killer bees 3 hobbits 4 manes 2 cave spiders 46 gnomes a gnome zombie a gecko 7 jackals a fox a sewer rat 6 grid bugs 2 lichens 3 newts 142 creatures vanquished. Voluntary challenges: You used a wielded weapon 261 times, starting on turn 12. You read items or engraved 38 times, starting on turn 954. You never genocided any monsters. You never polymorphed an object. You never changed form. You used no wishes. You never split a pudding. You never wrote Elbereth's name. You never violated your personal moral code. Dungeon overview: The Dungeons of Doom: levels 1 to 2 Level 1 a long staircase Level 2 a fountain stairs to The Gnomish Mines The Gnomish Mines: levels 3 to 10 Level 3 stairs to The Dungeons of Doom Level 4 Level 5 many shops, a temple to Mars, some fountains Level 6 Level 7 Level 8 Level 9 <- You were here Level 10 History has recorded: On T:1 you entered the Dungeons of Doom to retrieve the Amulet of Yendor! On T:221 you reached level 2 of The Dungeons of Doom. On T:551 you reached level 1 of The Gnomish Mines. On T:554 you advanced to experience level 2. On T:582 you advanced to experience level 3. On T:679 you advanced to experience level 4. On T:873 you reached level 2 of The Gnomish Mines. On T:906 you advanced to experience level 5. On T:1341 you reached level 3 of The Gnomish Mines. On T:1835 you reached level 4 of The Gnomish Mines. On T:1845 you advanced to experience level 6. On T:2016 you advanced to experience level 7. On T:2227 you reached level 5 of The Gnomish Mines. On T:3248 you reached level 6 of The Gnomish Mines. On T:3429 you reached level 7 of The Gnomish Mines. On T:3708 you reached level 8 of The Gnomish Mines. Score breakdown: Gold: 216 ( 7947 points) Experience: 6 levels (12456 points) Exploration: 10 levels ( 19.61%) (12727 points) Discoveries: 14 items ( 4.64%) ( 6459 points) Valuables value: (no points given unless you survive) Artifact value: 0 ( 0 points) Variety of kills: 35 monsters ( 9.14%) ( 9068 points) Turncount: 3719 turns ( -917 points) Survival: died (score multiplied by 80%) Total score: 38192 Latest messages: The vampire bites! The orc mummy hits! The vampire hits! The vampire misses. The orc mummy misses. You hit the orc mummy. The vampire hits! The vampire bites! The orc mummy misses. The vampire misses. The vampire bites! You miss the vampire. The vampire hits! The vampire misses. The vampire hits! The vampire bites! You hit the vampire. The vampire hits! The vampire bites! Goodbye level 7. You feel noisy! You die... Final status: Goodbye Kalav the Ranger, killed by a vampire... You died in The Gnomish Mines on dungeon level 9 with 38192 points, and 216 pieces of gold, after 3719 moves. You were level 6 with a maximum of 39 hit points when you died.